 Dungeon Crawl Stone Soup version 0.31-a0-263-ge8cad7f256 (webtiles) character file.

Game seed: 7723675555564422814

39812 qw the Marksminotaur (level 13, -3/121 HPs)
             Began as a Minotaur Hexslinger on July 13, 2023.
             Was an Elder of Okawaru.
             Slain by a guardian serpent (12 damage)
             ... on level 5 of the Lair of Beasts.
             The game lasted 00:07:08 (16523 turns).

qw the Marksminotaur (Minotaur Hexslinger)         Turns: 16523, Time: 00:07:08

Health: -3/121     AC: 18    Str: 16    XL:     13   Next: 71%
Magic:  16/17      EV: 22    Int:  9    God:    Okawaru [****..]
Gold:   1807       SH:  2    Dex: 18    Spells: 13/14 levels left

rFire   . . .        Y - +0 triple crossbow
rCold   . . .        (shield currently unavailable)
rNeg    + + .        w - +1 leather armour of the Tarantula {*Corrode Fly rN+ Stlth+}
rPois   +            (helmet restricted)
rElec   .            b - +0 cloak
rCorr   .            d - +2 pair of gloves
SInv    .            f - +0 pair of boots
Will    .....        (no amulet)
Stlth   ++++         g - +4 ring of protection
HPRegen 0.40/turn    t - ring of the Octopus King {rN+ HP+2 AC+2 EV+2 SH+2}
MPRegen 0.15/turn

%: corrode self (3%), clarity
@: lethally poisoned (-3 -> -27), heroic, flying, slowed, very slow
A: horns 2, retaliatory headbutt, clarity, poison resistance, strong 1
a: Renounce Religion, Heroism, Finesse


You were on level 5 of the Lair of Beasts.
You worshipped Okawaru.
Okawaru was greatly pleased with you.
You visited 2 branches of the dungeon, and saw 16 of its levels.

You collected 1807 gold pieces.


Innate Abilities, Weirdness & Mutations

You have a pair of horns on your head.
You reflexively headbutt those who attack you in melee.
You possess an exceptional clarity of mind.
Your system is resistant to poisons. (rPois)
Your muscles are strong. (Str +4, Int/Dex -1)


   Skills:
 + Level 12.6(17.6) Fighting
 - Level 19.0(24.0) Ranged Weapons
 - Level 7.0(12.0) Armour
 - Level 9.0(14.0) Dodging
 - Level 1.0 Spellcasting
 - Level 2.0 Hexes
 + Level 7.6 Invocations


You had 13 spell levels left.
You knew the following spells:

 Your Spells              Type           Power      Damage    Failure   Level
a - Slow                  Hex            16%        N/A       19%         1

Your spell library contained the following spells:

 Spells                   Type           Power      Damage    Failure   Level
 Inner Flame              Hex/Fire       2%         N/A       63%         3
 Portal Projectile        Hex/Tloc       4%         N/A       63%         3
 Cause Fear               Hex            2%         N/A       88%         4

Inventory:

Hand Weapons
 Y - a +0 triple crossbow (weapon)
Armour
 b - a +0 cloak (worn)
 d - a +2 pair of gloves (worn)
 f - a +0 pair of boots (worn)
 j - a +0 robe of fire resistance
 q - +0 acid dragon scales
 u - the +0 pair of gloves of Fedhas's Grace {rF- rC+ Str+2}
   (You acquired it on level 4 of the Lair of Beasts)

   Str:       It affects your strength (+2).
   rF:        It makes you vulnerable to fire.
   rC:        It protects you from cold.
 w - the +1 leather armour of the Tarantula (worn) {*Corrode Fly rN+ Stlth+}
   (You found it on level 3 of the Lair of Beasts)

   rN:        It protects you from negative energy.
   Fly:       It grants you flight.
   *Corrode:  It may corrode you when you take damage.
   Stlth:     It makes you more stealthy.
Jewellery
 g - a +4 ring of protection (left hand)
 i - a ring of fire
 l - a ring of fire
 t - a ring of the Octopus King (right hand) {rN+ HP+2 AC+2 EV+2 SH+2}
   (You found it on level 2 of the Lair of Beasts)

   [ring of positive energy]

   AC:        It affects your AC (+2).
   EV:        It affects your evasion (+2).
   rN:        It protects you from negative energy.
   HP:        It affects your health (+2).
   SH:        It affects your SH (+2).
Wands
 m - a wand of digging (7)
Scrolls
 h - 4 scrolls of identify
 s - a scroll of teleportation
Potions
 a - 3 potions of might
 c - 2 potions of resistance
 e - 2 potions of mutation
 k - a potion of enlightenment
 n - a potion of haste
 o - 4 potions of curing
 r - a potion of heal wounds
 x - a potion of cancellation

Dungeon Overview and Level Annotations

Branches:
Dungeon (11/15)            Temple (0/1) D:6            Lair (5/5) D:11
 Shoals (0/4) Lair:2       Spider (0/4) Lair:2          Orc (0/2) D:11
  Slime: Lair:4-5

Altars:
Dithmenos
Hepliaklqana
Makhleb
Nemelex Xobeh
Okawaru
Qazlal
Uskayaw
The Shining One
Jiyva

Portals:
Volcano: Lair:5

Annotations:
D:4 1 runed translucent door, Crazy Yiuf
D:8 3 runed translucent doors, qw's ghost, novice MiHs
D:10 3 runed translucent doors, qw's ghost, novice MiHs


Message History

You block the wolf spider's attack. The cane toad misses you.
You furiously retaliate!
You headbutt the cane toad. The cane toad stings you.
The redback bites you but does no damage.
The guardian serpent casts a spell at you.
You resist with some effort.
You shoot a bolt. The bolt hits the guardian serpent.
The guardian serpent is moderately wounded.
You feel very sick. The black mamba barely misses you.
The wolf spider hits you but does no damage.
The wolf spider closely misses you. The black mamba completely misses you.
The redback closely misses you. The cane toad stings you!
You are more poisoned.
The cane toad poisons you!
The guardian serpent hits you but does no damage.
The wolf spider closely misses you.
The wolf spider bites you but does no damage.
You block the cane toad's attack. The redback misses you.
The black mamba bites you but does no damage.
The cane toad completely misses you.
The guardian serpent coils itself and waves its upper body at you.
The bolt of poison hits you!
You are more poisoned.
You resist.
The bolt of poison misses the black mamba.
The wolf spider hits you!
The wolf spider bites you but does no damage.
The cane toad closely misses you. You furiously retaliate!
You headbutt the cane toad! You shoot a bolt. The bolt hits the cane toad!!
You kill the cane toad!
Okawaru accepts your kill.
You feel extremely sick. The black mamba misses you. You furiously retaliate!
You headbutt the black mamba! The redback completely misses you.
The guardian serpent misses you. The wolf spider hits you!
The wolf spider misses you. The black mamba completely misses you.
The cane toad barely misses you. The redback completely misses you.
The guardian serpent hits you!
You die...

##....##.....#
#....##.......
##...##........
#...##.....#...
##..##....###...
#..##...###.....
#####....###.......
##SF....###....P.P..
#.s@s..## ..........
#..%S..# .......P..
##....## #.........
##..## ###..P.P.P
#..# ###..... #..#
###... #..# ..#...
.... .....# .....#


You could see a wolf spider, a guardian serpent, a black mamba, a cane toad and
a redback.

Vanquished Creatures
  A boulder beetle (Lair:4)
  3 two-headed ogres
  A skyshark (Lair:2)
  3 harpies (Lair:2)
  Pikel (D:6)
  A cyclops (D:11)
  10 elephants
  Joseph (D:9)
  4 black mambas
  8 cane toads
  2 rime drakes
  An unseen horror (D:10)
  A kobold demonologist (D:8)
  6 komodo dragons
  An efreet (D:11)
  3 trolls (D:10)
  4 meliai
  3 polar bears
  20 blink frogs
  Sigmund (D:4)
  2 shadows
  10 wyverns
  33 yaks
  5 wraiths
  6 steam dragons
  5 basilisks
  3 vampire mosquitoes (D:10)
  2 hell hounds (Lair:5)
  10 water moccasins
  3 orc warriors
  3 black bears
  3 ice beasts
  2 sky beasts (D:7)
  7 ogres (D:8)
  5 centaurs
  21 wolves
  A lemure (D:6)
  2 phantoms
  5 kobold brigands
  Blork the orc (D:5)
  5 gnoll sergeants (D:8)
  12 bullfrogs
  3 scorpions
  12 wights
  12 killer bees
  5 electric eels
  9 howler monkeys
  12 hounds
  7 orc priests
  6 jellies
  A sleepcap (D:8)
  4 gnoll boudas (D:8)
  An iguana (D:4)
  Ijyb (D:4)
  11 orc wizards
  21 gnolls
  9 adders
  A shadow imp (D:7)
  6 white imps
  4 dart slugs
  26 orcs
  5 ball pythons
  6 bats
  13 endoplasms
  3 giant cockroaches
  8 hobgoblins
  6 jackals (D:1)
  3 quokkas
  2 frilled lizards (D:1)
  11 goblins
  22 kobolds
  8 rats
459 creatures vanquished.

Notes
Turn   | Place    | Note
-------+----------+-------------------------------------------
     0 | D:1      | qw the Minotaur Hexslinger began the quest for the Orb.
     0 | D:1      | Reached XP level 1. HP: 16/16 MP: 1/1
     0 | D:1      | 0 ||| qw: Version: 0.3-a-52-g30416fa
     0 | D:1      | 0 ||| qw: Game counter: 7473
     0 | D:1      | 0 ||| qw: Melee chars always use a shield: true
     0 | D:1      | 0 ||| qw: God list: Okawaru
     0 | D:1      | 0 ||| qw: Allow faded altars: false
     0 | D:1      | 0 ||| qw: Do Orc after clearing Dungeon:15 true
     0 | D:1      | 0 ||| qw: Do second Lair branch before Depths: true
     0 | D:1      | 0 ||| qw: Lair rune preference: random
     0 | D:1      | 0 ||| qw: Goals: Normal
     0 | D:1      | 0 ||| PLANNING D:1-11
   138 | D:1      | Reached skill level 3 in Ranged Weapons
   138 | D:1      | Reached XP level 2. HP: 22/23 MP: 2/2
   660 | D:1      | Reached XP level 3. HP: 29/29 MP: 3/3
   726 | D:1      | Reached skill level 4 in Ranged Weapons
   859 | D:1      | 859 ||| UPGRADING to +0 pair of gloves.
   864 | D:1      | 864 ||| UPGRADING to +0 pair of boots.
   869 | D:1      | 869 ||| UPGRADING to +4 ring of protection.
   870 | D:1      | 870 ||| READING scroll labelled XUCLAQ SUIT.
   871 | D:1      | 871 ||| READING scroll labelled ZEINUSTEXUO.
   872 | D:1      | 872 ||| DROPPING scroll of poison.
   899 | D:2      | Reached XP level 4. HP: 36/36 MP: 4/4
  1102 | D:2      | Reached skill level 5 in Ranged Weapons
  1554 | D:2      | 1554 ||| UPGRADING to +0 leather armour.
  1564 | D:2      | 1564 ||| DROPPING +0 robe.
  1565 | D:2      | 1565 ||| UPGRADING to +0 robe of fire resistance.
  1575 | D:2      | 1575 ||| DROPPING ring of magical power.
  1576 | D:2      | 1576 ||| READING scroll labelled GORE AMILO.
  1577 | D:2      | 1577 ||| READING scroll labelled VAATA TIZOOMIU.
  1640 | D:2      | 1640 ||| READING scroll labelled ZYUMATHRUOD.
  1785 | D:3      | Reached skill level 3 in Fighting
  1803 | D:3      | Reached XP level 5. HP: 45/45 MP: 5/5
  1962 | D:3      | 1962 ||| SWAPPING to +0 arbalest.
  1963 | D:3      | 1963 ||| DROPPING +1 sling.
  2096 | D:3      | 2096 ||| DROPPING +0 leather armour.
  2097 | D:3      | 2097 ||| READING scroll labelled OXEARHOOQU.
  2184 | D:4      | Reached skill level 6 in Ranged Weapons
  2283 | D:4      | Found a shadowy altar of Dithmenos.
  2317 | D:4      | Noticed Ijyb
  2321 | D:4      | Killed Ijyb
  2329 | D:4      | Reached XP level 6. HP: 50/53 MP: 6/6
  2383 | D:4      | Reached skill level 1 in Armour
  2584 | D:4      | Noticed Sigmund
  2599 | D:4      | Killed Sigmund
  2600 | D:4      | Reached skill level 7 in Ranged Weapons
  2610 | D:4      | Identified the +1 whip of Brawling {flame, rN+ Will++ rCorr
                  | Int-5}
  2643 | D:4      | Found a runed translucent door.
  2644 | D:4      | Noticed Crazy Yiuf
  2825 | D:4      | 2825 ||| READING 3 scrolls labelled FIVVU SONTET.
  2826 | D:4      | 2826 ||| READING 3 scrolls of identify.
  2826 | D:4      | 2826 ||| IDENTIFYING murky grey potion
  2827 | D:4      | 2827 ||| READING 2 scrolls of identify.
  2827 | D:4      | 2827 ||| IDENTIFYING puce potion
  2828 | D:4      | 2828 ||| DROPPING potion of attraction.
  2829 | D:4      | 2829 ||| DROPPING 2 scrolls of butterflies.
  2867 | D:5      | Entered Level 5 of the Dungeon
  2873 | D:5      | Reached XP level 7. HP: 60/60 MP: 7/7
  2916 | D:5      | Found a hide-covered altar of Uskayaw.
  2934 | D:5      | Noticed Blork the orc
  2940 | D:5      | Killed Blork the orc
  3006 | D:5      | Reached skill level 8 in Ranged Weapons
  3017 | D:5      | Reached skill level 3 in Dodging
  3118 | D:5      | Reached XP level 8. HP: 68/68 MP: 8/8
  3160 | D:5      | Found an iron altar of Okawaru.
  3161 | D:5      | 3161 ||| PLANNING OKAWARU WORSHIP
  3163 | D:5      | 3163 ||| UPGRADING to +0 cloak.
  3175 | D:5      | Became a worshipper of Warmaster Okawaru
  3176 | D:5      | 3176 ||| PLANNING D:1-11
  3218 | D:5      | Reached skill level 9 in Ranged Weapons
  3366 | D:5      | 3366 ||| READING scroll labelled DERCHE WUUK.
  3398 | D:6      | 3398 ||| STAIRDANCE
  3405 | D:5      | Reached skill level 6 in Fighting
  3615 | D:6      | Found a staircase to the Ecumenical Temple.
  3651 | D:6      | Noticed Pikel
  3662 | D:6      | Killed Pikel
  3662 | D:6      | Reached * piety under Okawaru
  3663 | D:6      | Reached skill level 10 in Ranged Weapons
  3810 | D:6      | 3810 ||| INVOKING Heroism.
  3812 | D:6      | Reached skill level 1 in Invocations
  4442 | D:6      | 4442 ||| UPGRADING to +1 robe of willpower.
  4452 | D:6      | 4452 ||| READING scroll labelled AZEYG SOJINK.
  4453 | D:6      | 4453 ||| READING scroll labelled KUSEGU OSCHE.
  4456 | D:6      | 4456 ||| READING 2 scrolls of identify.
  4456 | D:6      | 4456 ||| IDENTIFYING lumpy green potion
  4457 | D:6      | 4457 ||| DROPPING potion of lignification.
  4481 | D:7      | Reached XP level 9. HP: 61/75 MP: 9/9
  4785 | D:7      | Found a stormy altar of Qazlal.
  4824 | D:7      | 4824 ||| READING 2 scrolls of enchant armour.
  4824 | D:7      | 4824 ||| ENCHANTING +0 pair of gloves.
  4825 | D:7      | 4825 ||| READING scroll of enchant armour.
  4825 | D:7      | 4825 ||| ENCHANTING +1 pair of gloves.
  4831 | D:7      | 4831 ||| INVOKING Heroism.
  4892 | D:7      | 4892 ||| INVOKING Heroism.
  4940 | D:7      | Reached skill level 3 in Invocations
  5024 | D:7      | 5024 ||| INVOKING Heroism.
  5097 | D:7      | 5097 ||| READING scroll of enchant weapon.
  5097 | D:7      | 5097 ||| ENCHANTING +1 arbalest.
  5195 | D:7      | 5195 ||| Stepping randomly (disturbance).
  5263 | D:7      | Found a glowing golden altar of the Shining One.
  5472 | D:7      | Reached skill level 11 in Ranged Weapons
  5478 | D:7      | 5478 ||| INVOKING Heroism.
  5610 | D:7      | 5610 ||| INVOKING Heroism.
  5650 | D:7      | 5650 ||| INVOKING Heroism.
  5794 | D:7      | 5794 ||| INVOKING Heroism.
  5804 | D:7      | Reached skill level 12 in Ranged Weapons
  5831 | D:7      | 5831 ||| DROPPING +0 ring mail.
  5832 | D:7      | 5832 ||| UPGRADING to +0 acid dragon scales.
  5842 | D:7      | 5842 ||| DROPPING +1 robe of willpower.
  5843 | D:7      | 5843 ||| DRINKING 2 fuming emerald potions.
  5844 | D:7      | 5844 ||| READING 2 scrolls of identify.
  5844 | D:7      | 5844 ||| IDENTIFYING fuming white potion
  5845 | D:7      | 5845 ||| DROPPING potion of degeneration.
  5884 | D:8      | Reached skill level 3 in Armour
  5924 | D:8      | Found a flagged portal.
  5926 | D:8      | 5926 ||| Stepping ~*~*~tactically~*~*~ (outnumbered).
  5927 | D:8      | 5927 ||| Stepping ~*~*~tactically~*~*~ (outnumbered).
  5984 | D:8      | Found a runed translucent gate.
  5984 | D:8      | Found a runed translucent gate.
  5984 | D:8      | Found a runed translucent gate.
  5985 | D:8      | Found a viscous altar of Jiyva.
  5985 | D:8      | Noticed qw's ghost (novice MiHs)
  6010 | D:8      | 6010 ||| INVOKING Heroism.
  6118 | D:8      | Reached XP level 10. HP: 86/86 MP: 12/12
  6159 | D:8      | 6159 ||| INVOKING Heroism.
  6159 | D:8      | Noticed a two-headed ogre
  6167 | D:8      | Killed a two-headed ogre
  6167 | D:8      | Reached ** piety under Okawaru
  6271 | D:8      | Found a sparkling altar of Nemelex Xobeh.
  6368 | D:8      | 6368 ||| INVOKING Heroism.
  6394 | D:8      | 6394 ||| FLEEEEING.
  6395 | D:8      | 6395 ||| FLEEEEING.
  6489 | D:8      | 6489 ||| Stepping ~*~*~tactically~*~*~ (water).
  6490 | D:8      | 6490 ||| INVOKING Heroism.
  6534 | D:8      | 6534 ||| INVOKING Heroism.
  6590 | D:8      | 6590 ||| FLEEEEING.
  6591 | D:8      | 6591 ||| FLEEEEING.
  6592 | D:8      | 6592 ||| FLEEEEING.
  6593 | D:8      | 6593 ||| FLEEEEING.
  6594 | D:8      | 6594 ||| FLEEEEING.
  6740 | D:8      | 6740 ||| Stepping ~*~*~tactically~*~*~ (outnumbered).
  6772 | D:8      | 6772 ||| INVOKING Heroism.
  6784 | D:8      | Reached skill level 13 in Ranged Weapons
  6911 | D:8      | 6911 ||| INVOKING Heroism.
  6914 | D:8      | Reached skill level 9 in Fighting
  6927 | D:8      | Reached skill level 6 in Dodging
  7094 | D:8      | 7094 ||| FLEEEEING.
  7096 | D:8      | 7096 ||| FLEEEEING.
  7097 | D:8      | 7097 ||| FLEEEEING.
  7098 | D:8      | 7098 ||| FLEEEEING.
  7099 | D:8      | 7099 ||| FLEEEEING.
  7100 | D:8      | 7100 ||| FLEEEEING.
  7101 | D:8      | 7101 ||| FLEEEEING.
  7102 | D:8      | 7102 ||| FLEEEEING.
  7103 | D:8      | 7103 ||| FLEEEEING.
  7104 | D:8      | 7104 ||| FLEEEEING.
  7105 | D:8      | 7105 ||| FLEEEEING.
  7106 | D:8      | 7106 ||| FLEEEEING.
  7107 | D:8      | 7107 ||| FLEEEEING.
  7108 | D:8      | 7108 ||| FLEEEEING.
  7109 | D:8      | 7109 ||| FLEEEEING.
  7110 | D:8      | 7110 ||| FLEEEEING.
  7111 | D:8      | 7111 ||| FLEEEEING.
  7112 | D:8      | 7112 ||| FLEEEEING.
  7113 | D:8      | 7113 ||| FLEEEEING.
  7114 | D:8      | 7114 ||| FLEEEEING.
  7124 | D:8      | 7124 ||| INVOKING Heroism.
  7356 | D:8      | 7356 ||| READING scroll of enchant weapon.
  7356 | D:8      | 7356 ||| ENCHANTING +2 arbalest.
  7366 | D:8      | 7366 ||| INVOKING Heroism.
  7450 | D:8      | 7450 ||| FLEEEEING.
  7457 | D:8      | 7457 ||| FLEEEEING.
  7458 | D:8      | 7458 ||| FLEEEEING.
  7459 | D:8      | 7459 ||| FLEEEEING.
  7482 | D:8      | 7482 ||| Stepping ~*~*~tactically~*~*~ (water).
  7530 | D:8      | 7530 ||| INVOKING Heroism.
  7685 | D:8      | 7685 ||| DRINKING 2 emerald potions.
  7685 | D:8      | Gained mutation: Your system is resistant to poisons.
                  | (rPois) [potion of mutation]
  7685 | D:8      | Gained mutation: You possess an exceptional clarity of
                  | mind. [potion of mutation]
  7685 | D:8      | Gained mutation: Your muscles are strong. (Str +4, Int/Dex
                  | -1) [potion of mutation]
  7686 | D:8      | 7686 ||| READING 2 scrolls of identify.
  7686 | D:8      | 7686 ||| IDENTIFYING fizzy dark potion
  7687 | D:8      | 7687 ||| DROPPING potion of berserk rage.
  7710 | D:9      | Found a burning altar of Makhleb.
  7774 | D:9      | Identified the +0 plate armour of Voggeip {rPois Dex+3}
  7802 | D:9      | Reached skill level 14 in Ranged Weapons
  7810 | D:9      | Reached XP level 11. HP: 85/97 MP: 13/13
  7814 | D:9      | 7814 ||| INVOKING Heroism.
  7964 | D:9      | Noticed a two-headed ogre
  7965 | D:9      | 7965 ||| INVOKING Heroism.
  7969 | D:9      | Killed a two-headed ogre
  8176 | D:9      | 8176 ||| INVOKING Heroism.
  8198 | D:9      | Reached *** piety under Okawaru
  8231 | D:9      | Reached skill level 6 in Armour
  8561 | D:9      | 8561 ||| INVOKING Heroism.
  8615 | D:9      | Noticed Joseph
  8622 | D:9      | 8622 ||| INVOKING Heroism.
  8628 | D:9      | Killed Joseph
  8800 | D:9      | 8800 ||| DRINKING 2 yellow potions.
  8810 | D:10     | Entered Level 10 of the Dungeon
  8811 | D:10     | 8811 ||| INVOKING Heroism.
  8953 | D:10     | 8953 ||| Stepping randomly (disturbance).
  9142 | D:10     | 9142 ||| INVOKING Heroism.
  9175 | D:10     | Found a runed translucent gate.
  9175 | D:10     | Found a runed translucent gate.
  9175 | D:10     | Found a runed translucent gate.
  9186 | D:10     | Noticed qw's ghost (novice MiHs)
  9319 | D:10     | Reached skill level 15 in Ranged Weapons
  9578 | D:10     | 9578 ||| Stepping ~*~*~tactically~*~*~ (outnumbered).
  9580 | D:10     | 9580 ||| Stepping ~*~*~tactically~*~*~ (outnumbered).
  9581 | D:10     | 9581 ||| INVOKING Heroism.
  9588 | D:10     | 9588 ||| FLEEEEING.
  9589 | D:10     | 9589 ||| FLEEEEING.
  9591 | D:10     | 9591 ||| FLEEEEING.
  9592 | D:10     | 9592 ||| FLEEEEING.
  9593 | D:10     | 9593 ||| FLEEEEING.
  9594 | D:10     | 9594 ||| FLEEEEING.
  9595 | D:10     | 9595 ||| FLEEEEING.
  9596 | D:10     | 9596 ||| FLEEEEING.
  9597 | D:10     | 9597 ||| FLEEEEING.
  9600 | D:10     | 9600 ||| FLEEEEING.
  9601 | D:10     | 9601 ||| FLEEEEING.
  9602 | D:10     | 9602 ||| FLEEEEING.
  9603 | D:10     | 9603 ||| FLEEEEING.
  9604 | D:10     | 9604 ||| FLEEEEING.
  9605 | D:10     | 9605 ||| FLEEEEING.
  9606 | D:10     | 9606 ||| FLEEEEING.
  9608 | D:10     | 9608 ||| FLEEEEING.
  9610 | D:10     | 9610 ||| FLEEEEING.
  9611 | D:10     | 9611 ||| FLEEEEING.
  9612 | D:10     | 9612 ||| STAIRDANCE
  9755 | D:9      | 9755 ||| READING scroll labelled ZUPAWU RUAKHLA.
  9756 | D:9      | 9756 ||| READING scroll labelled MOLECY MEUXT.
  9757 | D:9      | 9757 ||| READING 3 scrolls of identify.
  9757 | D:9      | 9757 ||| IDENTIFYING white potion
  9758 | D:9      | 9758 ||| READING 2 scrolls of identify.
  9758 | D:9      | 9758 ||| IDENTIFYING amethyst potion
  9830 | D:10     | 9830 ||| INVOKING Heroism.
 10022 | D:11     | 10022 ||| INVOKING Heroism.
 10033 | D:11     | 10033 ||| INVOKING Heroism.
 10083 | D:11     | Noticed a two-headed ogre
 10084 | D:11     | 10084 ||| FLEEEEING.
 10093 | D:11     | 10093 ||| STAIRDANCE
 10155 | D:10     | 10155 ||| READING scroll labelled SELUNA ROROGUE.
 10286 | D:11     | Found a staircase to the Lair.
 10288 | D:11     | 10288 ||| INVOKING Heroism.
 10295 | D:11     | Killed a two-headed ogre
 10295 | D:11     | Received a gift from Okawaru
 10357 | D:11     | Reached skill level 16 in Ranged Weapons
 10378 | D:11     | 10378 ||| INVOKING Heroism.
 10394 | D:11     | 10394 ||| INVOKING Heroism.
 10409 | D:11     | Found a staircase to the Orcish Mines.
 10439 | D:11     | 10439 ||| INVOKING Heroism.
 10593 | D:11     | 10593 ||| Stepping ~*~*~tactically~*~*~ (outnumbered).
 10594 | D:11     | 10594 ||| Stepping ~*~*~tactically~*~*~ (outnumbered).
 10595 | D:11     | 10595 ||| INVOKING Heroism.
 11291 | D:11     | 11291 ||| INVOKING Heroism.
 11296 | D:11     | Reached XP level 12. HP: 110/110 MP: 11/14
 11376 | D:11     | 11376 ||| PLANNING LAIR
 11376 | D:11     | 11376 ||| READING 2 scrolls of identify.
 11376 | D:11     | 11376 ||| IDENTIFYING grey potion
 11399 | Lair:1   | Entered Level 1 of the Lair of Beasts
 11528 | Lair:1   | Found a frozen archway.
 11571 | Lair:1   | 11571 ||| INVOKING Heroism.
 11620 | Lair:1   | 11620 ||| INVOKING Heroism.
 11731 | Lair:1   | 11731 ||| INVOKING Heroism.
 11765 | Lair:1   | 11765 ||| INVOKING Heroism.
 12082 | Lair:1   | 12082 ||| READING scroll labelled NAYCECH MYHIR.
 12209 | Lair:2   | 12209 ||| STAIRDANCE
 12266 | Lair:2   | 12266 ||| INVOKING Heroism.
 12280 | Lair:2   | Found a hazy altar of Hepliaklqana.
 12299 | Lair:2   | 12299 ||| INVOKING Heroism.
 12421 | Lair:2   | Reached skill level 17 in Ranged Weapons
 12435 | Lair:2   | 12435 ||| INVOKING Heroism.
 12443 | Lair:2   | HP: 27/110 [skyshark (22)]
 12444 | Lair:2   | 12444 ||| READING 3 scrolls of teleportation.
 12445 | Lair:2   | 12445 ||| DRINKING potion of heal wounds.
 12454 | Lair:2   | Reached **** piety under Okawaru
 12455 | Lair:2   | 12455 ||| INVOKING Heroism.
 12484 | Lair:2   | 12484 ||| INVOKING Heroism.
 12771 | Lair:2   | 12771 ||| SWAPPING to +0 triple crossbow.
 12772 | Lair:2   | 12772 ||| DROPPING +3 arbalest.
 12811 | Lair:2   | Found a hole to the Spider Nest.
 12812 | Lair:2   | 12812 ||| INVOKING Heroism.
 12938 | Lair:2   | Reached skill level 18 in Ranged Weapons
 13019 | Lair:2   | Found a staircase to the Shoals.
 13046 | Lair:2   | Found the ring of the Octopus King
 13056 | Lair:2   | Identified a ring of the Octopus King {rN+ HP+2 AC+2 EV+2
                  | SH+2}
 13423 | Lair:2   | 13423 ||| UPGRADING to ring of the Octopus King {rN+ HP+2
                  | AC+2 EV+2 SH+2}.
 13439 | Lair:3   | 13439 ||| INVOKING Heroism.
 13464 | Lair:3   | 13464 ||| STAIRDANCE
 13466 | Lair:2   | 13466 ||| INVOKING Heroism.
 13468 | Lair:2   | Received a gift from Okawaru
 13574 | Lair:3   | 13574 ||| INVOKING Heroism.
 13768 | Lair:3   | Reached XP level 13. HP: 85/117 MP: 16/16
 13905 | Lair:3   | 13905 ||| INVOKING Heroism.
 13926 | Lair:3   | Identified the +1 leather armour of the Tarantula {*Corrode
                  | Fly rN+ Stlth+}
 13949 | Lair:3   | Reached skill level 12 in Fighting
 14036 | Lair:3   | 14036 ||| INVOKING Heroism.
 14421 | Lair:3   | 14421 ||| INVOKING Heroism.
 14451 | Lair:3   | 14451 ||| INVOKING Heroism.
 14466 | Lair:3   | 14466 ||| INVOKING Heroism.
 14527 | Lair:3   | 14527 ||| UPGRADING to +1 leather armour of the Tarantula
                  | {*Corrode Fly rN+ Stlth+}.
 14537 | Lair:3   | 14537 ||| DROPPING amulet of magic regeneration.
 14538 | Lair:3   | 14538 ||| READING scroll labelled DOARILAKK KEEC.
 14538 | Lair:3   | Identified a scroll of acquirement
 14538 | Lair:3   | 14538 ||| ACQUIRING 850 gold pieces
 14538 | Lair:3   | Acquired 850 gold pieces
 14540 | Lair:3   | 14540 ||| READING 2 scrolls of identify.
 14540 | Lair:3   | 14540 ||| IDENTIFYING fuming coppery potion
 14558 | Lair:3   | Reached skill level 9 in Dodging
 14578 | Lair:4   | 14578 ||| INVOKING Heroism.
 14740 | Lair:4   | Reached skill level 6 in Invocations
 14833 | Lair:4   | 14833 ||| INVOKING Heroism.
 14931 | Lair:4   | 14931 ||| INVOKING Heroism.
 15019 | Lair:4   | 15019 ||| INVOKING Heroism.
 15066 | Lair:4   | 15066 ||| READING scroll of acquirement.
 15066 | Lair:4   | 15066 ||| ACQUIRING +0 pair of gloves of Fedhas's Grace
                  | {rF- rC+ Str+2}
 15066 | Lair:4   | Acquired the +0 pair of gloves of Fedhas's Grace {rF- rC+
                  | Str+2}
 15097 | Lair:4   | 15097 ||| INVOKING Heroism.
 15553 | Lair:4   | 15553 ||| INVOKING Heroism.
 15949 | Lair:4   | 15949 ||| READING 4 scrolls of identify.
 15949 | Lair:4   | 15949 ||| IDENTIFYING red potion
 15950 | Lair:4   | 15950 ||| DROPPING potion of ambrosia.
 15968 | Lair:5   | Entered Level 5 of the Lair of Beasts
 16017 | Lair:5   | Found a dark tunnel.
 16121 | Lair:5   | 16121 ||| INVOKING Heroism.
 16134 | Lair:5   | Received a gift from Okawaru
 16194 | Lair:5   | 16194 ||| INVOKING Heroism.
 16197 | Lair:5   | Reached skill level 19 in Ranged Weapons
 16210 | Lair:5   | Found a viscous altar of Jiyva.
 16216 | Lair:5   | HP: 28/120 [frozen (4)]
 16217 | Lair:5   | 16217 ||| READING 2 scrolls of teleportation.
 16218 | Lair:5   | 16218 ||| DRINKING 2 potions of heal wounds.
 16222 | Lair:5   | 16222 ||| INVOKING Heroism.
 16233 | Lair:5   | 16233 ||| FLEEEEING.
 16234 | Lair:5   | 16234 ||| FLEEEEING.
 16273 | Lair:5   | 16273 ||| FLEEEEING.
 16274 | Lair:5   | 16274 ||| FLEEEEING.
 16275 | Lair:5   | 16275 ||| FLEEEEING.
 16276 | Lair:5   | 16276 ||| FLEEEEING.
 16277 | Lair:5   | 16277 ||| FLEEEEING.
 16278 | Lair:5   | 16278 ||| FLEEEEING.
 16281 | Lair:5   | 16281 ||| STAIRDANCE
 16416 | Lair:5   | 16416 ||| INVOKING Heroism.
 16520 | Lair:5   | 16520 ||| INVOKING Heroism.
 16523 | Lair:5   | HP: 17/121 [poisoned by a guardian serpent (bolt of
                  | poison)]
 16523 | Lair:5   | Slain by a guardian serpent

Levels and vault maps discovered:
D:1:      eino_arrival_tree_alley, layout_basic
D:2:      layout_loops_ring
D:3:      layout_rooms
D:4:      layout_rooms, mainiacjoe_overflow_tiny_flanked, serial_curves,
          eino_curves_04, eino_curves_04, uniq_crazy_yiuf_cottage, uniq_ijyb,
          uniq_sigmund
D:5:      layout_cave_pools, kennysheep_okawaru_gauntlet,
          mainiacjoe_overflow_boulevard, uniq_blork_the_orc
D:6:      layout_cave_pods, minmay_temple_entry_waves, uniq_pikel
D:7:      wad_river_or_something, layout_loops_corners, tso_altar,
          lemuel_crystal_altar
D:8:      lemuel_castle_with_subvaults [lemuel_castle_interior_carwin_3],
          layout_loops_corners, nemelex_diamond_rough_becter,
          gammafunk_ghost_ooze, enter_bailey_5, serial_glass, glass_columns_b,
          glass_columns_a, glass_columns_a, glass_columns_c,
          serial_bayou_crossing
D:9:      layout_irregular_city, amcnicky_altar_gilded, uniq_joseph
D:10:     layout_roguey, gammafunk_ghost_nasty_kobolds,
          kennysheep_generic_room_2
D:11:     layout_loops_corners, david_lair_generic, kennysheep_big_empty_room
Lair:1:   layout_hall_layers, portal_ice_cave_entry_pillars_1,
          cheibrodos_lair_caveside_slide, eino_small_chamber_without_monster,
          patterned_corridor
Lair:2:   layout_cellular_growth, nicolae_shoals_entry_roost,
          hellmonk_spider_entry_not_the_bees, basic_altar, minivault_24,
          serial_bayou_pond_e, dreamdust_mushroom_princess,
          chequers_serial_rivers_micro_d, serial_bayou_lagoon_a,
          infiniplex_staircase_pool_2
Lair:3:   layout_roguey
Lair:4:   wander_river, layout_layer_cave, minmay_holes
Lair:5:   hangedman_lair_tendril_chambers, layout_long_grid,
          nicolae_slime_entry_slimehenge, enter_volcano_3

Skill      XL: |  1  2  3  4  5  6  7  8  9 10 11 12 13 |
---------------+----------------------------------------+-----
Ranged Weapons | 3 4 5 6 7 8 10 12 14 16 18 19 | 19.0
Fighting       | 2 3 4 5 6 7 9 11 12 | 12.6
Armour         | 1 3 5 6 7 |  7.0
Dodging        | 3 4 5 6 7 8 9 |  9.0
Invocations    | 2 4 5 7 |  7.6
Spellcasting   | |  1.0
Hexes          | |  2.0

Action                     |  1- 3 |  4- 6 |  7- 9 | 10-12 | 13-15 || total
---------------------------+-------+-------+-------+-------+-------++-------
   Fire: Sling             |    99 |    84 |       |       |       ||   183
         Arbalest          |       |    77 |   260 |   636 |       ||   973
         Triple crossbow   |       |       |       |    90 |   210 ||   300
 Invoke: Heroism           |       |       |     9 |    39 |    16 ||    64
    Use: Scroll            |     2 |     7 |     8 |    10 |     5 ||    32
         Potion            |       |       |     1 |     3 |     1 ||     5
 Armour: Robe              |     4 |    25 |    55 |       |       ||    84
         Acid dragon scale |       |       |     7 |   329 |     9 ||   345
         Leather armour    |       |       |       |       |    61 ||    61
  Dodge: Dodged            |    20 |    41 |   104 |   513 |   225 ||   903
  Block: Other             |       |       |       |       |    11 ||    11

Table legend:
 A = Non-vault XP
 B = Vault XP
 C = Vault XP percentage of total XP
 D = Non-vault monster count
 E = Vault monster count
 F = Vault count percentage of total count
                 A         B        C        D         E       F
            +---------+---------+-------+---------+---------+-------
      Total |   45607 |   11665 |  20.4 |     357 |     101 |  22.1
            +---------+---------+-------+---------+---------+-------
        D:1 |      66 |       0 |   0.0 |      33 |       0 |   0.0
        D:2 |      90 |       0 |   0.0 |      14 |       0 |   0.0
        D:3 |      69 |       0 |   0.0 |      19 |       0 |   0.0
        D:4 |     229 |     250 |  52.2 |      18 |       2 |  10.0
        D:5 |     846 |      99 |  10.5 |      19 |       3 |  13.6
        D:6 |     439 |     593 |  57.5 |      10 |       1 |   9.1
        D:7 |    1887 |     564 |  23.0 |      21 |       9 |  30.0
        D:8 |    1921 |    3013 |  61.1 |      19 |      55 |  74.3
        D:9 |    3800 |     475 |  11.1 |      38 |       1 |   2.6
       D:10 |    2550 |     512 |  16.7 |      27 |       2 |   6.9
       D:11 |    3927 |    1009 |  20.4 |      18 |       4 |  18.2
     Lair:1 |    3947 |       0 |   0.0 |      21 |       0 |   0.0
     Lair:2 |    7831 |    2262 |  22.4 |      38 |       6 |  13.6
     Lair:3 |    5603 |       0 |   0.0 |      26 |       0 |   0.0
     Lair:4 |    8109 |       0 |   0.0 |      24 |       0 |   0.0
     Lair:5 |    4293 |    2888 |  40.2 |      12 |      18 |  60.0
            +---------+---------+-------+---------+---------+-------
